 Dungeon Crawl Stone Soup version 0.19.0-20-gbc5f0c6 (webtiles) character file.

1082 Jerry the Skirmisher (level 8, -11/44 HPs)
             Began as a Vine Stalker Berserker on Nov 17, 2016.
             Was a High Priest of Trog.
             Mangled by Duvessa
             ... wielding a +4 short sword of electrocution
              (18 damage)
             ... on level 4 of the Dungeon.
             The game lasted 00:11:09 (3365 turns).

Jerry the Skirmisher (Vine Stalker Berserker)       Turns: 3365, Time: 00:11:09

Health: -11/44     AC:  7    Str: 19    XL:     8   Next: 30%
Magic:  0/9        EV: 12    Int:  7    God:    Trog [*****.]
Gold:   181        SH:  0    Dex: 17    Spells: 0 memorised, 7 levels left

rFire  . . .     SeeInvis .     v - +4 short sword
rCold  + . .     Gourm    .     u - +0 troll leather armour {Purgy}
rNeg   . . .     Faith    .     (no shield)
rPois  .         Spirit   +     p - +0 helmet
rElec  .         Reflect  .     (no cloak)
rCorr  .         Harm     .     j - +0 pair of gloves
MR     +....                    (no boots)
Stlth  +.........               (no amulet)
                                (no ring)
                                s - ring of protection from cold

@: no status effects
A: fangs 3, regeneration 1, magic shield, antimagic bite, no device heal 3, rot
immunity
a: Berserk, Trog's Hand, Brothers in Arms, Burn Spellbooks, Renounce Religion


You were on level 4 of the Dungeon.
You worshipped Trog.
Trog was extremely pleased with you.
You were not hungry.

You visited 1 branch of the dungeon, and saw 4 of its levels.

You collected 181 gold pieces.

Inventory:

Hand Weapons
 a - a +0 falchion
 v - a +4 short sword (weapon)
Armour
 j - a +0 pair of gloves (worn)
 p - a +0 helmet (worn)
 u - a +0 troll leather armour (worn) {Purgy}
Jewellery
 s - a ring of protection from cold (left hand)
Scrolls
 d - 2 scrolls of identify {unknown}
 f - 2 scrolls of magic mapping {unknown}
 h - a scroll of noise {unknown}
 i - a scroll of enchant weapon {unknown}
 w - a scroll of teleportation {unknown}
Potions
 e - a potion of heal wounds {unknown}
 k - a potion of mutation {unknown}
 m - a potion of lignification {unknown}
 o - a potion of degeneration {unknown}
 q - a potion of agility {unknown}
 r - a potion of brilliance {unknown}
 t - a potion of curing {unknown}
 x - a potion of berserk rage {unknown}
Books
 l - a book of Callings

   Spells                             Type                      Level
   a - Summon Small Mammal            Summoning                    1
   b - Call Imp                       Summoning                    2
   c - Call Canine Familiar           Summoning                    3
   d - Summon Guardian Golem          Hexes/Summoning              3
   e - Summon Lightning Spire         Summoning/Air                4
   f - Summon Ice Beast               Ice/Summoning                4
   Trog disapproves of the use of such an item.
Comestibles
 b - 4 meat rations
 c - 4 bread rations
 g - a beef jerky
 n - a chunk of flesh


   Skills:
 + Level 5.8 Fighting
 + Level 2.1(3.9) Short Blades
 - Level 5.2(5.4) Long Blades
 + Level 4.4 Armour
 - Level 1.5 Dodging


You had 7 spell levels left.
You didn't know any spells.

Dungeon Overview and Level Annotations

Branches:
Dungeon (4/15)
 Temple: D:4-7

Altars:
Kikubaaqudgha

Annotations:
D:4 Duvessa


Innate Abilities, Weirdness & Mutations

You have razor-sharp teeth.
Your natural rate of healing is unusually fast.
When hurt, damage is shared between your health and your magic reserves.
Your bite disrupts and absorbs the magic of your enemies.
Potions and wands cannot restore your health.
You are immune to rotting.


Message History

Dowan hits you but does no damage.
Duvessa hits you with a short sword of electrocution.
You barely miss Dowan. You bite Dowan!
Dowan's magic leaks into the air.
You drain his magic.
You feel invigorated.
Dowan is severely wounded.
Dowan closely misses you. Duvessa completely misses you.
You hit Dowan. You bite Dowan.
Dowan's magic leaks into the air.
You drain his magic.
You kill Dowan!
Trog accepts your kill.
Trog appreciates your killing of a magic user.
Duvessa screams, "No!
How DARE you!"
Duvessa goes berserk!
Duvessa hits you with a short sword of electrocution!
You are electrocuted!
You closely miss Duvessa. Your bite misses Duvessa.
Duvessa hits you with a short sword of electrocution!
* * * LOW HITPOINT WARNING * * *
You are electrocuted!
You die...

### #### .... ... .# ..
...#.. #.# ... #....
#.##.# #.#)# #.#..
.######.)e# #...
.......(@#######.########
#................##......
.####..####<....##......
#.........##.##......
#..#########.#.......
##......#####....^.....
..........##....##......
...........#....##...(..
..#............#######.##


You could see Duvessa (berserk).

Vanquished Creatures
  Purgy (D:3)
  2 ogres (D:4)
  3 big kobolds (D:3)
  Dowan (D:4)
  An orc priest (D:3)
  Jessica (D:3)
  A worker ant (D:4)
  Natasha (thrice) (D:3)
  An orc wizard (D:3)
  Robin (D:2)
  12 gnolls
  6 adders
  2 oozes
  3 worms
  A dart slug (D:1)
  5 leopard geckos
  9 orcs (D:3)
  5 giant cockroaches
  39 goblins
  37 hobgoblins
  3 jackals
  8 kobolds
  10 bats
  9 frilled lizards
  9 rats
173 creatures vanquished.

Notes
Turn   | Place    | Note
-------+----------+-------------------------------------------
     0 | D:1      | Jerry the Vine Stalker Berserker began the quest for the Orb.
     0 | D:1      | Reached XP level 1. HP: 11/11 MP: 2/2
   166 | D:1      | Reached XP level 2. HP: 16/16 MP: 3/3
   585 | D:1      | Reached XP level 3. HP: 17/20 MP: 4/4
   718 | D:1      | Reached ** piety under Trog
  1254 | D:2      | Gained mutation: Your natural rate of healing is unusually fast. [Vine Stalker growth]
  1254 | D:2      | Reached XP level 4. HP: 19/24 MP: 5/5
  1256 | D:2      | Noticed Robin
  1267 | D:2      | Killed Robin
  1415 | D:2      | Reached XP level 5. HP: 29/29 MP: 6/6
  1721 | D:2      | Reached *** piety under Trog
  2022 | D:3      | Noticed Natasha
  2033 | D:3      | Killed Natasha
  2043 | D:3      | Noticed Purgy
  2050 | D:3      | Killed Purgy
  2050 | D:3      | Reached XP level 6. HP: 33/33 MP: 7/7
  2069 | D:3      | Noticed Natasha
  2113 | D:3      | Killed Natasha
  2192 | D:3      | Found an ancient bone altar of Kikubaaqudgha.
  2451 | D:3      | Noticed Natasha
  2457 | D:3      | Killed Natasha
  2714 | D:3      | Reached **** piety under Trog
  2799 | D:3      | Reached XP level 7. HP: 25/38 MP: 4/8
  2933 | D:3      | Noticed Jessica
  2937 | D:3      | Killed Jessica
  2993 | D:3      | Reached skill level 5 in Fighting
  3002 | D:3      | Reached skill level 5 in Long Blades
  3074 | D:3      | Reached ***** piety under Trog
  3277 | D:4      | Reached skill level 1 in Short Blades
  3277 | D:4      | Gained mutation: You have razor-sharp teeth. [Vine Stalker growth]
  3277 | D:4      | Reached XP level 8. HP: 37/44 MP: 9/9
  3356 | D:4      | Noticed Duvessa
  3356 | D:4      | Noticed Dowan
  3364 | D:4      | Killed Dowan
  3365 | D:4      | Mangled by Duvessa

Skill      XL: |  1  2  3  4  5  6  7  8 |
---------------+-------------------------+-----
Fighting       | 3 4 5 |  5.8
Armour         | 2 3 4 |  4.4
Long Blades    | 3 4 5 |  5.2
Short Blades   | 1 2 |  2.1
Dodging        | |  1.5

Action                   |  1- 3 |  4- 6 |  7- 9 || total
-------------------------+-------+-------+-------++-------
Melee: Falchion          |    87 |   216 |    72 ||   375
       Bite              |    33 |    95 |    52 ||   180
       Short sword       |       |       |    56 ||    56
Invok: Berserk           |     1 |     3 |     1 ||     5
       Trog's Hand       |       |     2 |     1 ||     3
 Stab: Sleeping          |     1 |     1 |       ||     2
  Eat: Chunk             |     2 |     9 |     4 ||    15
Armor: Animal skin       |    15 |       |       ||    15
       Ring mail         |     6 |    60 |       ||    66
       Troll leather arm |       |    48 |    34 ||    82
Dodge: Dodged            |    64 |   182 |    90 ||   336
       Rpst.: Falchion   |    19 |    55 |    11 ||    85
